 Dungeon Crawl Stone Soup version 0.30-a0-857-gcaf70739d4 (webtiles) character file.

Game seed: 1429052004518336524

1676030 ryw the Executioner (level 26, 154/209 HPs)
             Began as a Demonspawn Monk on Feb 28, 2023.
             Was the Champion of Hepliaklqana.
             Escaped with the Orb
             ... and 3 runes on Mar 6, 2023!
             The game lasted 02:43:27 (69698 turns).

ryw the Executioner (Demonspawn Monk)              Turns: 69698, Time: 02:43:28

Health: 154/209    AC: 16    Str: 13    XL:     26   Next: 70%
Magic:  36/36      EV: 41    Int: 19    God:    Hepliaklqana [******]
Gold:   9021       SH:  2    Dex: 31    Spells: 23/44 levels left

rFire   + + +      SeeInvis +    k - +9 executioner's axe (spect)
rCold   + + +      Faith    .    (shield currently unavailable)
rNeg    + + .      Spirit   .    F - +4 skin of Zhor {*Englaciate rC+++ SInv}
rPois   +          Reflect  .    o - +3 helmet of Tulips {Contam rPois rN+ Dex+3}
rElec   +          Rampage  .    H - scarf {repulsion}
rCorr   +                        P - +2 pair of gloves {Str+3}
Will    +....                    (boots unavailable)
Stlth   +++                      s - amulet "Pakijysis" {rElec rN+ Regen+ SInv}
HPRegen 1.34/turn                R - ring of the Octopus King {rCorr HP+2 AC+2 EV+2 SH+2}
MPRegen 0.25/turn                T - ring of the Kangaroo {*Corrode +Blink rF+++ Dex+6 Slay+2}

@: studying Stealth, repel missiles
A: reduced essence, hooves 3, ignite blood 3, powered by pain 3, augmentation 3,
sanguine armour 3, thin skeletal structure 1, agile 1, deterioration 1, weak 2
0: Orb of Zot
}: 3/15 runes: decaying, serpentine, silver
a: Renounce Religion, Evoke Blink, Recall Ancestor, Ancestor Identity,
Transference, Idealise


You escaped.
You worshipped Hepliaklqana.
Hepliaklqana was exalted by your worship.
You visited 11 branches of the dungeon, and saw 51 of its levels.
You visited the Abyss 1 time.
You also visited: Ice Cave.

You collected 11098 gold pieces.
You spent 2077 gold pieces at shops.

Inventory:

Hand Weapons
 e - the +8 battleaxe "Qugyu" {freeze, +Blink Str+3}
   (You bought it in a shop on level 5 of the Dungeon)

   Str:       It affects your strength (+3).
   +Blink:    It lets you blink.
 g - the +5 executioner's axe of Ruination {venom, Dex+3}
   (You found it on level 3 of the Crypt)

   Dex:       It affects your dexterity (+3).
 k - a +9 spectral executioner's axe (weapon)
 Q - the +6 arbalest "Damnation" {damnation}
   (You took it off a vampire knight on level 2 of the Depths)
Armour
 o - the +3 helmet of Tulips (worn) {Contam rPois rN+ Dex+3}
   (You bought it in a shop on level 4 of the Dungeon)

   Dex:       It affects your dexterity (+3).
   rPois:     It protects you from poison.
   rN:        It protects you from negative energy.
   Contam:    It causes magical contamination when unequipped.
 F - the +4 skin of Zhor (worn) {*Englaciate rC+++ SInv}
   (You found it on level 2 of the Lair of Beasts)

   *Englaciate: It radiates cold, occasionally slowing all nearby creatures who
   are not resistant to cold.
   rC:        It renders you almost immune to cold.
   SInv:      It lets you see invisible.
 H - a scarf of repulsion (worn)
 P - a +2 pair of gloves of strength (worn)
Jewellery
 l - a ring of willpower
 p - the necklace of Bloodlust {Fury *Rage Will++ Int-3 Slay+6}
   (You took it off a kobold demonologist on level 1 of the Depths)

   [amulet of nothing]

   Fury:      It extends the wearer's berserk rage when killing foes.
   Int:       It affects your intelligence (-3).
   Slay:      It affects your accuracy & damage with ranged weapons and melee
   (+6).
   *Rage:     It berserks you when you make melee attacks (+50% chance).
   Will:      It greatly increases your willpower.
 s - the amulet "Pakijysis" (around neck) {rElec rN+ Regen+ SInv}
   (You took it off a deep elf sorcerer on level 3 of the Elven Halls)

   [amulet of regeneration]

   rElec:     It insulates you from electricity.
   rN:        It protects you from negative energy.
   SInv:      It lets you see invisible.
   Regen:     It increases your rate of health regeneration.
 C - the ring of Pivaj {rC+ rCorr AC+4 Str+3}
   (You found it on level 11 of the Dungeon)

   [ring of protection]

   AC:        It affects your AC (+4).
   Str:       It affects your strength (+3).
   rC:        It protects you from cold.
   rCorr:     It protects you from acid and corrosion.
 R - a ring of the Octopus King (left hand) {rCorr HP+2 AC+2 EV+2 SH+2}
   (You found it on level 2 of the Crypt)

   [ring of resist corrosion]

   AC:        It affects your AC (+2).
   EV:        It affects your evasion (+2).
   HP:        It affects your health (+2).
   rCorr:     It protects you from acid and corrosion.
   SH:        It affects your SH (+2).
 S - the amulet of Hapnuv {Faith Regen+ rCorr Int-3 Dex+4}
   (You found it on level 3 of the Crypt)

   [amulet of faith]

   It allows you to gain divine favour quickly.
   Int:       It affects your intelligence (-3).
   Dex:       It affects your dexterity (+4).
   Regen:     It increases your rate of health regeneration.
   rCorr:     It protects you from acid and corrosion.
 T - the ring of the Kangaroo (right hand) {*Corrode +Blink rF+++ Dex+6 Slay+2}
   (You found it on level 2 of the Lair of Beasts)

   [ring of dexterity]

   Dex:       It affects your dexterity (+6).
   Slay:      It affects your accuracy & damage with ranged weapons and melee
   (+2).
   rF:        It renders you almost immune to fire.
   +Blink:    It lets you blink.
   *Corrode:  It may corrode you when you take damage.
Wands
 t - a wand of polymorph (13)
 I - a wand of mindburst (43)
 J - a wand of charming (31)
 N - a wand of iceblast (52)
 O - a wand of light (2)
 Y - a wand of digging (30)
Scrolls
 b - 23 scrolls of teleportation
 d - 8 scrolls of amnesia
 f - 3 scrolls of summoning
 m - 9 scrolls of fear
 v - 8 scrolls of immolation
 w - 12 scrolls of magic mapping
 y - 10 scrolls of poison
 A - 5 scrolls of blinking
 B - 12 scrolls of vulnerability
 G - 2 scrolls of silence
 K - 4 scrolls of torment
 Z - 8 scrolls of fog
Potions
 a - 2 potions of berserk rage
 c - 10 potions of might
 i - 3 potions of resistance
 j - 11 potions of lignification
 n - 24 potions of curing
 q - 9 potions of mutation
 r - 11 potions of heal wounds
 D - 8 potions of haste
 E - 11 potions of brilliance
 M - 8 potions of flight {unknown}
 U - 5 potions of cancellation
 V - 2 potions of magic
 W - 8 potions of attraction
 X - 6 potions of ambrosia
Miscellaneous
 h - a condenser vane
 x - a piece from Xom's chessboard (15/15)
 z - a box of beasts


   Skills:
 * Level 23.8 Fighting
 * Level 26.5 Axes
 - Level 2.4(17.9) Polearms
 - Level 2.0(2.5) Staves
 - Level 7.0 Armour
 * Level 22.4 Dodging
 - Level 12.4 Stealth
 - Level 4.6 Shields
 - Level 2.6 Unarmed Combat
 + Level 9.8 Spellcasting
 + Level 9.0 Summonings
 - Level 10.0 Translocations
 - Level 5.0 Transmutations
 - Level 5.0 Invocations
 - Level 5.0 Evocations


You had 23 spell levels left.
You knew the following spells:

 Your Spells              Type           Power      Damage    Failure   Level
a - Wereblood             Tmut           50%        N/A       1%          2
b - Manifold Assault      Tloc           71%        N/A       1%          4
c - Teleport Other        Tloc           71%        N/A       1%          3
d - Summon Cactus Giant   Summ           34%        N/A       28%         6
e - Passage of Golubria   Tloc           71%        N/A       1%          4
f - Blink                 Tloc           100%       N/A       1%          2

Your spell library contained the following spells:

 Spells                   Type           Power      Damage    Failure   Level
 Apportation              Tloc           100%       N/A       1%          1
 Beastly Appendage        Tmut           100%       N/A       1%          1
 Summon Small Mammal      Summ           100%       N/A       1%          1
 Lesser Beckoning         Tloc           100%       N/A       1%          2
 Call Canine Familiar     Summ           68%        N/A       1%          3
 Gell's Gravitas          Tloc           71%        N/A       1%          3
 Summon Guardian Golem    Hex/Summ       47%        N/A       3%          3
 Passwall                 Tmut/Erth      27%        N/A       4%          2
 Kindle Blastsparks       Fire/Tloc/Air  78%        2d16      6%          3
 Foxfire                  Conj/Fire      64%        2x1d7     8%          1
 Kiss of Death            Conj/Necr      64%        2d10      8%          1
 Magic Dart               Conj           64%        1d6       8%          1
 Necrotise                Necr           64%        1d7       8%          1
 Sandblast                Erth           32%        2d9       8%          1
 Shock                    Conj/Air       64%        1d7       8%          1
 Slow                     Hex            64%        N/A       8%          1
 Spider Form              Tmut/Pois      33%        N/A       9%          3
 Iskenderun's Mystic Bla  Conj/Tloc      50%        2d11      10%         4
 Ensorcelled Hibernation  Hex/Ice        32%        N/A       12%         2
 Poisonous Vapours        Pois/Air       32%        N/A       12%         2
 Scorch                   Fire           32%        2d6       12%         2
 Searing Ray              Conj           32%        2d5       12%         2
 Static Discharge         Conj/Air       32%        2-4/arc   12%         2
 Ignite Poison            Fire/Tmut/Pois 28%        N/A       12%         3
 Animate Armour           Summ/Erth      94%        N/A       12%         4
 Summon Ice Beast         Ice/Summ       47%        N/A       12%         4
 Summon Lightning Spire   Summ/Air       47%        N/A       12%         4
 Confusing Touch          Hex            16%        N/A       22%         3
 Frozen Ramparts          Ice            32%        1d5       22%         3
 Inner Flame              Hex/Fire       16%        N/A       22%         3
 Mephitic Cloud           Conj/Pois/Air  16%        N/A       22%         3
 Ozocubu's Armour         Ice            16%        N/A       22%         3
 Stone Arrow              Conj/Erth      32%        3d9       22%         3
 Swiftness                Air            16%        N/A       22%         3
 Tukima's Dance           Hex            16%        N/A       22%         3
 Vampiric Draining        Necr           16%        2d7       22%         3
 Ice Form                 Ice/Tmut       33%        N/A       26%         4
 Petrify                  Tmut/Erth      33%        N/A       26%         4
 Cause Fear               Hex            8%         N/A       58%         4
 Dispel Undead            Necr           16%        3d10      58%         4
 Flame Wave               Conj/Fire      16%        2d7       58%         4
 Fulminant Prism          Conj/Hex       8%         3d7       58%         4
 Leda's Liquefaction      Hex/Erth       8%         N/A       58%         4
 Alistair's Intoxication  Tmut/Pois      22%        N/A       58%         5
 Irradiate                Conj/Tmut      16%        3d17      58%         5
 Yara's Violent Unravell  Hex/Tmut       16%        3d8       58%         5
 Summon Hydra             Summ           34%        N/A       83%         7
 Agony                    Necr           16%        N/A       91%         5
 Fireball                 Conj/Fire      8%         3d6       91%         5
 Freezing Cloud           Conj/Ice/Air   8%         6-21      91%         5
 Iskenderun's Battlesphe  Conj           16%        2d7       91%         5
 Lee's Rapid Deconstruct  Erth           8%         3d7*      91%         5
 Lightning Bolt           Conj/Air       8%         1d20      91%         5
 Metabolic Englaciation   Hex/Ice        8%         N/A       91%         5
 Silence                  Hex/Air        8%         N/A       91%         5
 Eringya's Noxious Bog    Tmut/Pois      16%        N/A       99%         6
 Statue Form              Tmut/Erth      22%        N/A       99%         6
 Conjure Ball Lightning   Conj/Air       8%         3x3d6     100%        6
 Simulacrum               Ice/Necr       8%         N/A       100%        6
 Dragon Form              Tmut           25%        N/A       100%        7
 Enfeeble                 Hex            8%         N/A       100%        7
 Orb of Destruction       Conj           8%         9d6       100%        7
 Ozocubu's Refrigeration  Ice            8%         4d9       100%        7
 Spellforged Servitor     Conj/Summ      23%        N/A       100%        7
 Storm Form               Tmut/Air       16%        N/A       100%        7
 Discord                  Hex            8%         N/A       100%        8
 Disjunction              Tloc           35%        N/A       100%        8
 Lehudib's Crystal Spear  Conj/Erth      8%         10d3      100%        8
 Maxwell's Capacitive Co  Air            8%         ∞         100%        8
 Dragon's Call            Summ           34%        N/A       100%        9
 Fire Storm               Conj/Fire      8%         8d2       100%        9
 Polar Vortex             Ice            8%         N/A       100%        9


Dungeon Overview and Level Annotations

Branches:
Dungeon (15/15)            Temple (1/1) D:4            Lair (5/5) D:8
  Swamp (4/4) Lair:3        Snake (4/4) Lair:2        Slime (0/5) Lair:5
    Orc (2/2) D:12            Elf (3/3) Orc:2        Vaults (5/5) D:14
  Crypt (3/3) Vaults:3       Tomb (0/3) Crypt:3      Depths (4/4) D:15
    Zot (5/5) Depths:4      IceCv (visited)

Altars:
Ashenzari
Cheibriados
Dithmenos
Fedhas
Gozag
Hepliaklqana
Kikubaaqudgha
Makhleb
Nemelex Xobeh
Okawaru
Qazlal
Ru
Sif Muna
Trog
Uskayaw
Vehumet
Wu Jian
Xom
Yredelemnul
Jiyva
Lugonu

Shops:
D:4 [   D:5 =*([   D:9 (*   D:12 *   Orc:2 [(:*   Vaults:1 (   Vaults:2 [*=[
Vaults:5 ![?=!(

Portals:
Hell: Depths:1 Depths:2 Depths:3 Depths:4
Abyss: Lair:5 Depths:3
Pandemonium: Depths:1 Depths:2 Depths:3
Ziggurat: Depths:4

Annotations:
Lair:1 3 runed translucent doors, Jutusel's ghost, journeyman DEHu
Swamp:2 2 transporters, sasquatch's ghost, journeyman DgFE
Zot:1 2 transporters
Zot:3 2 transporters, exclusion: orange crystal statue


Innate Abilities, Weirdness & Mutations

Your life essence is reduced to manifest your ancestor. (-10% HP)
You have hooves in place of feet.
Your demonic aura causes all spilled blood to erupt in flames.
You are powered by pain.
Your magical and physical power is greatly enhanced at high health.
When seriously injured, your blood forms very thick armour. (AC +0)
You have a somewhat thin skeletal structure. (Dex +2, Stealth+)
You are agile. (Dex +4, Str/Int -1)
Your body sometimes deteriorates upon taking damage.
You are very weak. (Str -4)


Message History

The Orb Guardian is moderately wounded.
You radiate an aura of cold.
The Orb Guardian resists.
The Orb Guardian completely misses you.
You hit the Orb Guardian.
You kick the Orb Guardian, but do no damage.
The Orb Guardian is heavily wounded.
The Orb Guardian completely misses you.
You hit the Orb Guardian. You kick the Orb Guardian.
The Orb Guardian is heavily wounded.
Your blood armour dries and flakes away.
The Orb Guardian completely misses you.
You slice the Orb Guardian like a ripe choko!!!
You kick the Orb Guardian, but do no damage.
The Orb Guardian is almost dead.
The Orb Guardian hits you!!
Your blood congeals into armour.
You slash the Orb Guardian!
You kill the Orb Guardian!
A Tzitzimitl comes into view.
The Tzitzimitl roars!
The Tzitzimitl engulfs you but does no damage.
The Tzitzimitl bites you but does no damage.
You chop the Tzitzimitl into pieces!!!
You kick the Tzitzimitl, but do no damage.
The Tzitzimitl is moderately wounded.
Your +9 spectral executioner's axe hits the Tzitzimitl!!
You catch the helpless Tzitzimitl completely off-guard!
You slice the Tzitzimitl!! You kick the Tzitzimitl!
The Tzitzimitl is almost dead.
Your +9 spectral executioner's axe hits the Tzitzimitl!
The Tzitzimitl calls on the powers of darkness!
Your body is wracked with pain!
You slice the Tzitzimitl!!
You kill the Tzitzimitl!
You feel much better.
There is a stone staircase leading down here.
Cuetlachtli emerges from the mists of memory!
You see here 8 stones.
Your blood armour dries and flakes away.
There is a staircase leading out of the dungeon here.
You have escaped! #### .P.## PPb.

########
.......#
###########
######.###
#.........#
.. #...#
#.⌠..@..⌠.#
.## #...#
#....R....#
######...#
####...####
#........#
#...#
#........#
####...####
#####.####
#.........#
## #.##
#.>.......#
.## #..#
#.........#
..# ##.#
####...####


You could see the friendly Cuetlachtli the hexer.

Vanquished Creatures
  A dread lich (Abyss:3)
  3 orbs of fire (Zot:5)
  3 ancient liches
  Mara (Vaults:2)
  Boris (twice) (Vaults:4 Depths:2)
  A shard shrike (Zot:1)
  Frederick (Vaults:5)
  2 Killer Klowns (Zot:5)
  Saint Roka (Vaults:1)
  Vashnia (Snake:2)
  Margery (Vaults:3)
  A curse toe (Zot:3)
  A caustic shrike (Depths:2)
  Nikola (Depths:2)
  9 golden dragons
  Jory (Vaults:2)
  5 bone dragons
  A Tzitzimitl (D:1)
  2 doom hounds (Zot:4)
  4 electric golems
  Rupert (D:14)
  A hellephant (Zot:1)
  A pandemonium lord (D:1)
  2 walking crystal tomes
  28 Orb Guardians
  Grunn (Zot:4)
  3 deep elf blademasters
  10 tentacled monstrosities
  A walking frostbound tome (Depths:2)
  2 deep elf master archers (Elf:3)
  A lich (Crypt:3)
  5 titans
  Asterion (Elf:1)
  8 quicksilver dragons
  10 ancient champions
  4 sphinxes
  6 death cobs
  6 tengu reavers
  Kirke (D:12)
  Donald (Vaults:1)
  6 nagarajas
  16 storm dragons
  A fenstrider witch (Swamp:4)
  2 revenants
  9 draconian monks
  7 shadow dragons
  12 frost giants
  8 fire giants
  6 deep elf sorcerers (Elf:3)
  An iron dragon (Vaults:5)
  An azure jelly (Swamp:4)
  5 draconian knights
  3 ghost moths
  13 vault wardens
  5 deep elf elementalists (Elf:3)
  3 orc warlords
  5 draconian scorchers
  5 draconian shifters
  7 draconian stormcallers
  A caustic shrike zombie (Crypt:2)
  A caustic shrike skeleton (Crypt:3)
  2 cacodemons (D:1)
  16 ironbound preservers
  A curse skull (Crypt:3)
  31 very ugly things
  7 ghouls
  3 reapers
  14 stone giants
  3 war gargoyles
  7 draconian annihilators
  7 ironbound thunderhulks
  7 vampire knights
  Nessos (D:14)
  12 green draconians
  13 black draconians
  A juggernaut skeleton (Crypt:3)
  2 eleionomae (Swamp:1)
  7 deep elf demonologists
  11 deep elf annihilators
  16 purple draconians
  5 dire elephants
  3 lorocyprocas
  3 bunyips
  A minotaur (shapeshifter) (Vaults:5)
  17 red draconians
  11 white draconians
  7 yellow draconians
  5 spark wasps
  The ghost of Usinnox the Carver, a journeyman MiFi of Okawaru (Lair:2)
  9 deep elf death magi
  A merfolk impaler (Depths:3)
  A merfolk javelineer (Depths:2)
  8 jiangshi
  9 yaktaur captains
  4 deep elf high priests (Elf:3)
  2 spriggan zombies
  16 ettins
  5 fire dragons
  3 great orbs of eyes (Vaults:3)
  Harold (D:10)
  Josephine (Orc:1)
  32 vault guards
  14 ice dragons
  3 rakshasas
  2 spriggan air magi
  Erolcha (D:10)
  12 hydras
  An ogre mage (Vaults:5)
  4 peacekeepers
  10 ironbound frosthearts
  A catoblepas (Lair:5)
  A hell beast (Depths:3)
  6 two-headed ogres
  Erica (Lair:1)
  12 anacondas
  20 centaur warriors
  A death knight (Crypt:2)
  4 alligators
  4 boulder beetles
  7 death yaks
  A death yak (shapeshifter) (Vaults:5)
  9 deep troll shamans
  An Orb Guardian skeleton (Crypt:1)
  20 naga sharpshooters
  8 naga warriors
  An orc high priest (Orc:2)
  3 hell hogs (Depths:1)
  3 tengu warriors
  24 dancing weapons
  4 deep troll earth magi
  12 shock serpents
  7 spriggan berserkers
  9 vampire magi
  2 shock serpents (shapeshifter)
  3 thrashing horrors
  A titan zombie (Crypt:3)
  Sonja (Lair:1)
  Urug (D:13)
  3 sun demons
  16 deep elf knights
  7 hell knights
  A fire crab (shapeshifter) (Vaults:5)
  A skyshark (Lair:5)
  7 soul eaters
  2 wretched stars (Abyss:3)
  59 deep trolls
  2 golden dragon zombies
  6 iron trolls
  28 skeletal warriors
  5 salamander mystics
  5 shadow wraiths
  2 goliath frogs (Swamp:1)
  2 shadow demons (Depths:1)
  5 sixfirhies (D:1)
  5 glowing orange brains
  Lodul (D:11)
  14 deep elf archers
  3 spriggan druids (Swamp:3)
  5 naga ritualists
  6 swamp dragons
  7 flayed ghosts
  5 wizards
  10 ironbound convokers
  A lindwurm (Vaults:1)
  Pikel (D:8)
  5 bog bodies
  3 starcursed masses (Abyss:3)
  A steelbarb worm (shapeshifter) (Vaults:5)
  An orange crystal statue (Vaults:3)
  10 orc knights
  A spriggan simulacrum (Crypt:1)
  8 phantasmal warriors
  4 necromancers
  29 deep elf zephyrmancers
  7 harpies
  2 will-o-the-wisps
  36 deep elf pyromancers
  12 salamanders
  4 cyclopes
  A manticore (shapeshifter) (Depths:3)
  38 ugly things
  7 manticores
  12 mana vipers
  12 moths of wrath
  5 orc sorcerers
  A worldbinder (Abyss:3)
  A stone giant zombie (Vaults:1)
  9 elephants (Lair:4)
  4 guardian serpents
  14 vault sentinels
  20 naga magi
  A fire giant skeleton (Vaults:1)
  2 ice statues (IceCv)
  41 black mambas
  An eye of devastation (shapeshifter) (Vaults:5)
  A centaur zombie (Crypt:2)
  A naga zombie (Crypt:2)
  A demonic crawler (Abyss:3)
  Maurice (D:8)
  8 smoke demons
  5 cane toads
  A green draconian zombie (Crypt:2)
  An elephant slug zombie (Crypt:3)
  A torpor snail (Lair:2)
  2 orange demons
  A black draconian zombie (Crypt:2)
  9 freezing wraiths
  2 hellions
  Psyche (D:11)
  2 unseen horrors
  A red draconian zombie (Crypt:1)
  6 rime drakes
  A komodo dragon (shapeshifter) (D:14)
  7 komodo dragons
  A guardian mummy (Crypt:3)
  28 yaktaurs
  A gargoyle (D:12)
  2 kobold demonologists
  A tormentor (Abyss:3)
  An ice devil (Depths:3)
  3 tengu conjurers
  A pale draconian skeleton (Crypt:2)
  A green draconian skeleton (Crypt:2)
  3 ancient zymes
  A red draconian skeleton (Crypt:1)
  A red devil (Depths:3)
  A merfolk (D:11)
  A polar bear (D:15)
  A harpy zombie (Crypt:2)
  A bloated husk (Swamp:1)
  A hellwing (Depths:2)
  5 tyrant leeches
  12 trolls
  2 harpy skeletons (Crypt:3)
  13 hornets
  2 spectral guardian serpents (Crypt:3)
  A deep troll zombie (Vaults:1)
  A raiju (shapeshifter) (D:15)
  17 blink frogs (Lair:5)
  4 raiju (Abyss:3)
  5 vampires
  4 centaur simulacra
  6 flying skulls (Abyss:3)
  A shadow (Abyss:3)
  18 slime creatures
  14 spriggans
  2 air elementals
  4 wyverns
  Sigmund (D:2)
  49 yaks
  10 water elementals
  4 ynoxinuls (Lair:5)
  9 fire bats (Abyss:3)
  9 large abominations
  A dire elephant simulacrum (Crypt:3)
  2 chaos spawn
  10 wraiths
  14 fire elementals
  16 humans
  4 basilisks
  2 neqoxecs
  A yak (shapeshifter) (Elf:2)
  5 hogs
  5 golden eyes (D:1)
  18 vampire mosquitoes
  An alligator snapping turtle simulacrum (Crypt:1)
  2 golden eyes (shapeshifter)
  2 redbacks (shapeshifter)
  3 swamp worm simulacra (Swamp:4)
  A faun zombie (Crypt:1)
  26 nagas
  2 wargs (Orc:2)
  11 swamp worms
  A harpy simulacrum (Crypt:3)
  An acid dragon (D:12)
  A human skeleton (Vaults:1)
  16 hydra simulacra
  12 water moccasins
  A floating eye (Depths:1)
  A swamp drake (Swamp:1)
  A meliai simulacrum (D:14)
  10 ice beasts
  A sky beast (D:7)
  8 black bears (D:11)
  30 orc warriors
  12 ogres
  3 boggarts (D:15)
  12 centaurs
  A wolf (D:15)
  A phantom (D:4)
  A lemure (D:8)
  An elf zombie (Crypt:3)
  7 kobold brigands
  A salamander zombie (Crypt:1)
  10 bullfrogs
  A gnoll sergeant (D:5)
  12 small abominations
  6 necrophages
  A scorpion (D:5)
  2 earth elementals
  11 wights
  4 hexers
  12 killer bees
  6 lindwurm simulacra (IceCv)
  5 electric eels
  7 howler monkeys
  6 komodo dragon simulacra (IceCv)
  A basilisk zombie (Crypt:1)
  2 jellies
  A gnoll bouda (D:11)
  19 orc priests
  4 iguanas
  A black bear skeleton (Crypt:1)
  29 orc wizards
  A wolf simulacrum (Lair:2)
  A killer bee zombie (Crypt:3)
  An ogre zombie (Crypt:3)
  A naga skeleton (Crypt:1)
  A howler monkey zombie (Crypt:1)
  11 mummies (Crypt:3)
  7 gnolls
  9 adders
  2 acid dragon simulacra (IceCv)
  2 shadow imps
  6 white imps
  3 ufetubi
  5 steam dragon simulacra (IceCv)
  3 swamp drake simulacra (Swamp:4)
  4 worms
  2 dart slugs
  76 orcs
  5 spectral bats (Abyss:3)
  5 ball pythons
  7 endoplasms
  A giant cockroach (D:1)
  6 goblins
  5 hobgoblins
  3 jackals (D:1)
  24 kobolds
  A quokka (D:1)
  9 bats
  3 bat simulacra (Abyss:3)
  A dart slug zombie (Crypt:2)
  4 frilled lizards (D:3)
  A goblin zombie (Crypt:2)
  A hobgoblin skeleton (Crypt:3)
  5 rats
  4 ball lightnings (D:1)
  A fungus (Orc:2)
2176 creatures vanquished.

Vanquished Creatures (collateral kills)
  2 ancient liches (Zot:5)
  A juggernaut (Depths:3)
  Sojobo (Crypt:3)
  2 Killer Klowns (Zot:5)
  A golden dragon (Zot:4)
  A tentacled monstrosity (Zot:4)
  An Orb Guardian (Zot:5)
  A sphinx (Vaults:5)
  A storm dragon (Zot:3)
  A nagaraja (Snake:4)
  A draconian shifter (Zot:3)
  A draconian scorcher (Zot:4)
  An ironbound preserver (Vaults:1)
  A stone giant (Depths:2)
  A ghoul (Crypt:3)
  An ironbound thunderhulk (Vaults:1)
  A very ugly thing (Depths:2)
  A black draconian (Zot:5)
  An eleionoma (Swamp:1)
  A deep elf annihilator (Elf:3)
  A dire elephant (Vaults:1)
  A purple draconian (Zot:5)
  A white draconian (Zot:3)
  A bunyip (Swamp:3)
  Snorg (Orc:2)
  A green death (Zot:5)
  A deep elf death mage (Elf:3)
  3 fire dragons
  A jiangshi (Crypt:3)
  An ettin (Depths:2)
  An ice dragon (Depths:2)
  A vault guard (Vaults:5)
  A salamander tyrant (Snake:4)
  3 hydras
  A centaur warrior (Vaults:2)
  2 anacondas
  An ironbound frostheart (Vaults:2)
  2 dancing weapons (Elf:2)
  A death yak (Lair:5)
  A shock serpent (Snake:1)
  2 spriggans (Swamp:3)
  A deep elf knight (Elf:2)
  A skeletal warrior (Crypt:3)
  2 goliath frogs
  A spriggan druid (Swamp:4)
  3 deep trolls
  An orange crystal statue (Zot:5)
  A wizard (Vaults:1)
  A lindwurm (Vaults:1)
  A large abomination (Lair:5)
  A swamp dragon (Swamp:2)
  2 orc knights (Vaults:1)
  3 ugly things
  A harpy (Vaults:3)
  A salamander (Snake:2)
  A will-o-the-wisp (Lair:3)
  A moth of wrath (Zot:5)
  2 slime creatures
  An elephant (Lair:4)
  3 black mambas
  4 naga magi
  A rime drake (IceCv)
  A yaktaur (Vaults:3)
  2 tormentors
  A polar bear (D:14)
  A red devil (Zot:5)
  A hornet (Swamp:3)
  2 tyrant leeches (Swamp:4)
  A harpy skeleton (Crypt:2)
  A blink frog (Lair:5)
  4 fire elementals (Zot:2)
  8 yaks
  A centaur simulacrum (D:15)
  A wraith (Orc:1)
  A hog (D:11)
  A basilisk (Lair:5)
  A neqoxec (Abyss:3)
  2 nagas
  5 swamp worms
  A warg (Orc:2)
  An acid dragon (D:14)
  4 orc warriors
  A swamp drake (Swamp:2)
  A black bear (D:11)
  2 ogres
  An ice beast (D:5)
  2 bullfrogs
  A scorpion (D:4)
  4 small abominations (Lair:5)
  3 wights
  A lindwurm simulacrum (IceCv)
  A howler monkey (D:6)
  2 electric eels (D:11)
  A komodo dragon simulacrum (IceCv)
  Crazy Yiuf (D:2)
  3 orc wizards (Orc:2)
  An iguana (D:6)
  A mummy (Crypt:3)
  2 gnolls (D:5)
  An adder (D:4)
  A river rat (D:4)
  A white imp (D:15)
  2 swamp drake simulacra (Swamp:4)
  A dart slug (D:4)
  11 orcs
  A bat skeleton (Crypt:1)
  A kobold (D:11)
  A bush (D:11)
171 creatures vanquished.

Vanquished Creatures (others)
  A ghost moth (Zot:3)
  A red draconian (Zot:4)
  An iron troll (Depths:2)
  A deep elf zephyrmancer (Elf:2)
  A wizard (D:10)
  An orange demon (D:1)
  A yaktaur (Vaults:3)
  3 bloated husks
  A tyrant leech (Swamp:4)
  A spriggan (Swamp:4)
  43 hexers
  5 ball lightnings (D:1)
  2 bushes (D:1)
  10 foxfires
  27 fungi
  56 plants
155 creatures vanquished.

Grand Total: 2502 creatures vanquished

Notes
Turn   | Place    | Note
-------+----------+-------------------------------------------
     0 | D:1      | ryw the Demonspawn Monk began the quest for the Orb.
     0 | D:1      | Reached XP level 1. HP: 18/18 MP: 1/1
   204 | D:1      | Gained mutation: Your demonic aura sometimes causes spilled
                  | blood to erupt in flames. [demonic ancestry]
   204 | D:1      | Reached XP level 2. HP: 20/24 MP: 2/2
   288 | D:1      | HP: 1/24 [hobgoblin (4)]
   793 | D:2      | Found a faded altar of an unknown god.
   870 | D:2      | Gained mutation: Your demonic aura often causes spilled
                  | blood to erupt in flames. [demonic ancestry]
   870 | D:2      | Reached XP level 3. HP: 15/29 MP: 3/3
   932 | D:2      | Noticed Sigmund
  1389 | D:2      | HP: 1/30 [something (11)]
  1392 | D:2      | Killed Sigmund
  1393 | D:2      | Gained mutation: You have large cloven feet. [demonic
                  | ancestry]
  1393 | D:2      | Reached XP level 4. HP: 2/38 MP: 4/4
  1393 | D:2      | Reached XP level 5. HP: 3/43 MP: 5/5
  1819 | D:2      | Reached skill level 5 in Fighting
  1914 | D:2      | Found a runed translucent door.
  1915 | D:2      | Noticed Crazy Yiuf
  2511 | D:3      | Reached XP level 6. HP: 40/51 MP: 6/6
  3217 | D:4      | Found Pyr Usog's Antique Armour Shop.
  3275 | D:4      | Reached skill level 5 in Dodging
  3492 | D:4      | Found a staircase to the Ecumenical Temple.
  3524 | Temple   | Entered the Ecumenical Temple
  3638 | Temple   | Became a worshipper of Hepliaklqana the Forgotten
  3638 | Temple   | Reached * piety under Hepliaklqana
  3638 | Temple   | Reached ** piety under Hepliaklqana
  3639 | Temple   | Remembered your ancestor Cuetlachtli as a hexer
  3825 | D:4      | Got the Quarto of Geological Companions
  4319 | D:4      | Found an iron altar of Okawaru.
  4376 | D:4      | Found an ancient bone altar of Kikubaaqudgha.
  4398 | D:4      | HP: 2/46 [phantom (7)]
  4401 | D:4      | Gained mutation: Your demonic aura causes all spilled blood
                  | to erupt in flames. [demonic ancestry]
  4401 | D:4      | Reached XP level 7. HP: 3/52 MP: 7/7
  4802 | D:2      | Killed Crazy Yiuf
  4931 | D:5      | Entered Level 5 of the Dungeon
  5274 | D:5      | Found Batrytu's Antique Armour Shop.
  5277 | D:5      | Bought a brightly glowing scale mail for 171 gold pieces
  5277 | D:5      | Identified the +6 scale mail "Qevarral" {rC+} (You bought
                  | it in a shop on level 5 of the Dungeon)
  5348 | D:5      | Reached skill level 1 in Staves
  5348 | D:5      | Reached skill level 1 in Armour
  5348 | D:5      | Gained mutation: When seriously injured, your blood forms
                  | armour. (AC +0) [demonic ancestry]
  5348 | D:5      | Reached XP level 8. HP: 38/60 MP: 8/8
  5514 | D:5      | Found Xisotun's General Store.
  5550 | D:5      | Found Naloet's Jewellery Shop.
  5679 | D:5      | Found Poevut's Antique Weapon Boutique.
  6055 | D:6      | Reached *** piety under Hepliaklqana
  6648 | D:6      | Found a shimmering blue altar of Sif Muna.
  6956 | D:7      | Reached skill level 1 in Polearms
  6999 | D:7      | Reached XP level 9. HP: 61/66 MP: 9/9
  7136 | D:7      | Reached skill level 1 in Shields
  7365 | D:7      | Identified a scroll of acquirement
  7365 | D:7      | Acquired 500 gold pieces
  7422 | D:5      | Bought a smoking battleaxe for 241 gold pieces
  7422 | D:5      | Identified the +8 battleaxe "Qugyu" {freeze, +Blink Str+3}
                  | (You bought it in a shop on level 5 of the Dungeon)
  7532 | D:4      | Bought a heavily runed helmet for 323 gold pieces
  7532 | D:4      | Identified the +3 helmet of Tulips {Contam rPois rN+ Dex+3}
                  | (You bought it in a shop on level 4 of the Dungeon)
  7667 | D:8      | Found an ornate altar of the Wu Jian Council.
  7691 | D:8      | Noticed Pikel
  7692 | D:8      | Noticed a manticore
  7697 | D:8      | Killed Pikel
  7698 | D:8      | Reached skill level 1 in Axes
  7698 | D:8      | Reached skill level 1 in Evocations
  7699 | D:8      | Killed a manticore
  7700 | D:8      | Reached skill level 2 in Axes
  7796 | D:8      | Reached **** piety under Hepliaklqana
  7867 | D:8      | Found an opulent altar of Gozag.
  7935 | D:8      | Found a staircase to the Lair.
  7955 | D:8      | Found a blossoming altar of Fedhas.
  7955 | D:8      | Noticed Maurice
  7987 | D:8      | Gained mutation: You have hoof-like feet. [demonic
                  | ancestry]
  7987 | D:8      | Reached XP level 10. HP: 73/73 MP: 10/10
  7989 | D:8      | Killed Maurice
  7990 | D:8      | Reached skill level 3 in Axes
  8371 | D:8      | Noticed a two-headed ogre
  8377 | D:8      | Killed a two-headed ogre
  8378 | D:8      | Reached skill level 5 in Armour
  8434 | D:8      | Found a burning altar of Makhleb.
  8614 | D:8      | Reached skill level 4 in Axes
  8981 | D:9      | Found Qucoil's General Store.
  9298 | D:9      | Noticed a two-headed ogre
  9304 | D:9      | Killed a two-headed ogre
  9305 | D:9      | Reached skill level 5 in Axes
  9638 | D:9      | Found Bakkia's Antique Weapon Boutique.
  9844 | Lair:1   | Entered Level 1 of the Lair of Beasts
  9852 | Lair:1   | Reached ***** piety under Hepliaklqana
  9870 | Lair:1   | Noticed Sonja
  9880 | Lair:1   | Killed Sonja
  9881 | Lair:1   | Gained mutation: You sometimes gain a little power by
                  | taking damage. [demonic ancestry]
  9881 | Lair:1   | Reached XP level 11. HP: 55/80 MP: 11/11
  9958 | Lair:1   | Found a runed translucent gate.
  9958 | Lair:1   | Found a runed translucent gate.
  9958 | Lair:1   | Found a runed translucent gate.
  9961 | Lair:1   | Noticed Jutusel's ghost (journeyman DEHu)
 10561 | D:4      | Bought an embroidered cloak for 255 gold pieces
 10763 | Lair:1   | Noticed Erica
 10766 | Lair:1   | Killed Erica
 10767 | Lair:1   | Reached skill level 6 in Axes
 11066 | Lair:2   | Found the +4 skin of Zhor {*Englaciate rC+++ SInv}
 11127 | Lair:2   | Found a runed translucent door.
 11128 | Lair:2   | Noticed Usinnox's ghost (journeyman MiFi)
 11172 | Lair:2   | Found a staircase to the Snake Pit.
 11262 | Lair:2   | Reached skill level 5 in Evocations
 11278 | Lair:2   | Found a frozen archway.
 11289 | IceCv    | Entered an ice cave
 11294 | IceCv    | Reached skill level 10 in Fighting
 11426 | IceCv    | Reached skill level 7 in Axes
 11654 | IceCv    | HP: 3/81 [komodo dragon simulacrum (8)]
 12251 | IceCv    | Noticed an ice dragon
 12312 | IceCv    | Killed an ice dragon
 13003 | Lair:2   | Reached XP level 12. HP: 60/88 MP: 12/12
 13174 | Lair:2   | Killed Usinnox's ghost
 13175 | Lair:2   | Reached skill level 1 in Invocations
 13181 | Lair:2   | Identified the ring of the Kangaroo {*Corrode +Blink rF+++
                  | Dex+6 Slay+2}
 13340 | Lair:3   | Reached skill level 8 in Axes
 13437 | Lair:3   | Noticed a six-headed hydra
 13443 | Lair:3   | Killed a nine-headed hydra
 13509 | Lair:3   | Found a staircase to the Swamp.
 14024 | Lair:4   | Reached skill level 9 in Axes
 14024 | Lair:4   | Reached skill level 10 in Dodging
 14085 | Lair:4   | Reached skill level 5 in Invocations
 14143 | Lair:4   | Reached skill level 10 in Axes
 14217 | Lair:4   | Reached ****** piety under Hepliaklqana
 14541 | Lair:5   | Entered Level 5 of the Lair of Beasts
 14541 | Lair:5   | Noticed a death yak
 14541 | Lair:5   | Noticed a death yak
 14541 | Lair:5   | Noticed a death yak
 14541 | Lair:5   | Noticed a death yak
 14541 | Lair:5   | Noticed a death yak
 14552 | Lair:4   | Killed a death yak
 14564 | Lair:5   | Reached XP level 13. HP: 84/95 MP: 16/16
 14762 | Lair:5   | Found a viscous altar of Jiyva.
 14765 | Lair:5   | Found a staircase to the Slime Pits.
 14907 | Lair:5   | Reached skill level 11 in Axes
 15345 | Lair:5   | Reached skill level 12 in Axes
 16060 | Lair:5   | Reached skill level 13 in Axes
 16139 | Lair:5   | Gained mutation: You have hooves in place of feet. [demonic
                  | ancestry]
 16139 | Lair:5   | Reached XP level 14. HP: 93/106 MP: 17/17
 16202 | Lair:5   | Found a corrupted altar of Lugonu.
 16202 | Lair:5   | Found a one-way gate to the infinite horrors of the Abyss.
 16508 | Lair:5   | Upgraded the game from 0.30-a0-824-g6c64550be9 to
                  | 0.30-a0-830-gfe289a77b0
 16663 | Swamp:1  | Entered Level 1 of the Swamp
 17051 | Swamp:1  | Reached skill level 1 in Spellcasting
 18614 | Swamp:1  | Learned a level 2 spell: Wereblood
 18696 | Swamp:2  | Reached skill level 1 in Transmutations
 18712 | Swamp:2  | Reached skill level 14 in Axes
 19123 | Swamp:2  | Found a shimmering blue altar of Sif Muna.
 19239 | Swamp:2  | Found a transporter.
 19248 | Swamp:2  | Found a transporter.
 19254 | Swamp:2  | Noticed sasquatch's ghost (journeyman DgFE)
 20193 | Swamp:3  | Noticed a ghoul
 20351 | Swamp:3  | Noticed a ghoul
 20354 | Swamp:3  | Killed a ghoul
 20384 | Swamp:3  | Killed a ghoul
 20385 | Swamp:3  | Gained mutation: You sometimes gain power by taking damage.
                  | [demonic ancestry]
 20385 | Swamp:3  | Reached XP level 15. HP: 76/112 MP: 19/21
 20830 | Swamp:4  | Entered Level 4 of the Swamp
 20866 | Swamp:4  | Noticed a fenstrider witch
 21039 | Swamp:4  | Killed a fenstrider witch
 22257 | Swamp:4  | Noticed an azure jelly
 22266 | Swamp:4  | Killed an azure jelly
 22380 | Swamp:4  | Reached skill level 15 in Axes
 22549 | Swamp:4  | Got a decaying rune of Zot
 22728 | Snake:1  | Entered Level 1 of the Snake Pit
 23019 | Snake:1  | Upgraded the game from 0.30-a0-830-gfe289a77b0 to
                  | 0.30-a0-845-g7c6808c8ce
 23457 | D:10     | Entered Level 10 of the Dungeon
 23457 | D:10     | Noticed Harold
 23463 | D:10     | Killed Harold
 23498 | D:10     | Found a stormy altar of Qazlal.
 23521 | D:10     | Noticed Erolcha
 23526 | D:10     | Killed Erolcha
 23527 | D:10     | Reached skill level 5 in Spellcasting
 23612 | D:10     | Found a shimmering altar of Xom.
 23747 | D:10     | Found a hide-covered altar of Uskayaw.
 23781 | D:10     | Found a radiant altar of Vehumet.
 23982 | D:10     | Found a bloodstained altar of Trog.
 24492 | D:11     | Identified the +2 ring mail of the Enchanted Forest {+Inv}
 24668 | D:11     | Noticed Lodul
 24675 | D:11     | Killed Lodul
 24738 | D:11     | Identified the ring of Pivaj {rC+ rCorr AC+4 Str+3}
 24996 | D:11     | Noticed Psyche
 25001 | D:11     | Killed Psyche
 25002 | D:11     | Reached skill level 15 in Fighting
 25308 | D:11     | Found a hazy altar of Hepliaklqana.
 26050 | D:12     | Reached skill level 5 in Transmutations
 26094 | D:12     | Found Kasadgh's Assorted Antiques.
 26677 | D:12     | Found a staircase to the Orcish Mines.
 26873 | D:12     | Noticed Kirke
 26879 | D:12     | Reached XP level 16. HP: 119/122 MP: 23/23
 26884 | D:12     | Killed Kirke
 27055 | Orc:1    | Entered Level 1 of the Orcish Mines
 27222 | Orc:2    | Entered Level 2 of the Orcish Mines
 27245 | Orc:2    | Found a staircase to the Elven Halls.
 27286 | Orc:2    | Found Vayseg's Antique Weapon Shop.
 27438 | Orc:2    | Found a bloodstained altar of Trog.
 27481 | Orc:2    | Found Luwabo's Antique Armour Emporium.
 27491 | Orc:2    | Bought a pair of embroidered gloves for 195 gold pieces
 27492 | Orc:2    | Bought a pair of runed gloves for 195 gold pieces
 27552 | Orc:2    | Found Plog's General Store.
 27802 | Orc:1    | Noticed Josephine
 27817 | Orc:1    | Killed Josephine
 27818 | Orc:1    | Reached skill level 16 in Axes
 28055 | Orc:2    | Noticed Snorg
 28061 | Orc:2    | Killed Snorg
 28087 | Orc:2    | Found Gogisari's Book Shoppe.
 28787 | D:14     | Noticed Urug
 28787 | D:14     | Noticed Rupert
 28787 | D:14     | Found a gate to the Vaults.
 28795 | D:14     | Paralysed by Rupert for 5 turns
 28802 | D:13     | Killed Urug
 29085 | D:14     | Killed Rupert
 29302 | D:14     | Noticed Nessos
 29309 | D:14     | Killed Nessos
 29549 | D:14     | Learned a level 4 spell: Manifold Assault
 29885 | D:14     | Reached skill level 1 in Translocations
 30044 | D:15     | Entered Level 15 of the Dungeon
 30495 | D:15     | Found a blossoming altar of Fedhas.
 30590 | D:15     | Found a staircase to the Depths.
 32563 | Snake:2  | Reached XP level 17. HP: 103/131 MP: 24/24
 32944 | Snake:2  | Reached skill level 17 in Axes
 33439 | Snake:2  | Reached skill level 5 in Translocations
 33478 | Snake:2  | Noticed Vashnia
 33533 | Snake:2  | HP: 1/132 [constriction (6)]
 33538 | Snake:2  | Killed Vashnia
 34020 | Snake:3  | Gained mutation: You are vulnerable to heat. (rF-) [potion
                  | of mutation]
 34021 | Snake:3  | Lost mutation: You are vulnerable to heat. (rF-) [potion of
                  | mutation]
 34021 | Snake:3  | Gained mutation: You have a somewhat thin skeletal
                  | structure. (Dex +2, Stealth+) [potion of mutation]
 34021 | Snake:3  | Gained mutation: You are vulnerable to cold. (rC-) [potion
                  | of mutation]
 34021 | Snake:3  | Gained mutation: Your body sometimes deteriorates upon
                  | taking damage. [potion of mutation]
 34022 | Snake:3  | Lost mutation: You are vulnerable to cold. (rC-) [potion of
                  | mutation]
 34022 | Snake:3  | Lost mutation: Your body sometimes deteriorates upon taking
                  | damage. [potion of mutation]
 34022 | Snake:3  | Gained mutation: You occasionally lose the ability to read
                  | scrolls when taking damage. [potion of mutation]
 34022 | Snake:3  | Gained mutation: You are weak. (Str -2) [potion of
                  | mutation]
 34022 | Snake:3  | Gained mutation: Your flesh is cold resistant. (rC+)
                  | [potion of mutation]
 34022 | Snake:3  | Gained mutation: You have a pair of small antennae on your
                  | head. [potion of mutation]
 34023 | Snake:3  | Lost mutation: You occasionally lose the ability to read
                  | scrolls when taking damage. [potion of mutation]
 34023 | Snake:3  | Lost mutation: Your flesh is cold resistant. (rC+) [potion
                  | of mutation]
 34023 | Snake:3  | Lost mutation: You are weak. (Str -2) [potion of mutation]
 35805 | Snake:4  | Entered Level 4 of the Snake Pit
 36499 | Snake:4  | Learned a level 3 spell: Teleport Other
 37079 | Snake:4  | Gained mutation: Your magical and physical power is
                  | slightly enhanced at high health. [demonic ancestry]
 37079 | Snake:4  | Reached XP level 18. HP: 140/140 MP: 0/25
 37682 | Snake:4  | Got a serpentine rune of Zot
 38869 | Vaults:1 | Entered Level 1 of the Vaults
 38869 | Vaults:1 | Noticed Donald
 38875 | Vaults:1 | Killed Donald
 38876 | Vaults:1 | Reached skill level 18 in Axes
 38961 | Elf:1    | Entered Level 1 of the Elven Halls
 38997 | Elf:1    | Noticed Asterion
 39013 | Elf:1    | Killed Asterion
 39232 | Elf:1    | Acquired 1193 gold pieces
 39244 | Elf:1    | Paralysed by an air elemental for 1 turns
 39529 | Elf:1    | Got the Directory of Kinetic Energy
 40173 | Elf:1    | Got the Vellum of the Barber Surgeon
 40465 | Elf:1    | Lost mutation: You have a pair of small antennae on your
                  | head. [potion of mutation]
 40465 | Elf:1    | Lost mutation: You have a somewhat thin skeletal structure.
                  | (Dex +2, Stealth+) [potion of mutation]
 40465 | Elf:1    | Gained mutation: You are agile. (Dex +4, Str/Int -1)
                  | [potion of mutation]
 40465 | Elf:1    | Gained mutation: You have a somewhat thin skeletal
                  | structure. (Dex +2, Stealth+) [potion of mutation]
 41389 | Elf:2    | Found a huge runed translucent gate.
 41389 | Elf:2    | Found a huge runed translucent gate.
 41389 | Elf:2    | Found a huge runed translucent gate.
 41395 | Elf:2    | Found a huge runed translucent gate.
 41395 | Elf:2    | Found a huge runed translucent gate.
 41396 | Elf:2    | Upgraded the game from 0.30-a0-845-g7c6808c8ce to
                  | 0.30-a0-852-g08b95dd62f
 42150 | Elf:2    | Gained mutation: When seriously injured, your blood forms
                  | thick armour. (AC +0) [demonic ancestry]
 42150 | Elf:2    | Reached XP level 19. HP: 148/148 MP: 20/26
 43146 | Elf:3    | Entered Level 3 of the Elven Halls
 43999 | Orc:2    | Bought a scroll of enchant weapon for 75 gold pieces
 44482 | Elf:3    | Reached skill level 10 in Translocations
 44833 | Elf:3    | Reached skill level 19 in Axes
 45300 | Elf:3    | Identified the amulet "Pakijysis" {rElec rN+ Regen+ SInv}
 45304 | Elf:3    | Identified the +0 morningstar of Zin, Building {flame,
                  | rElec rF+ rC+ Dex+5}
 45306 | Abyss:3  | Cast into level 3 of the Abyss (a deep elf demonologist)
 45344 | Abyss:3  | Noticed a bone dragon
 45408 | Abyss:3  | Found a corrupted altar of Lugonu.
 45411 | Abyss:3  | Found a corrupted altar of Lugonu.
 45428 | Abyss:3  | Found a corrupted altar of Lugonu.
 45428 | Abyss:3  | Found a corrupted altar of Lugonu.
 45432 | Abyss:3  | Found a corrupted altar of Lugonu.
 45490 | Abyss:3  | Noticed a bone dragon
 45510 | Abyss:3  | Killed a bone dragon
 45578 | Abyss:3  | Noticed a dread lich
 45584 | Abyss:3  | Killed a dread lich
 45748 | Elf:3    | Escaped the Abyss
 46168 | Elf:3    | Got the Essays on Transmogrification and Transposition
 46210 | Elf:3    | Got Houbeeps's Secrets of the Polar Scorpion
 46218 | Elf:3    | Got Utaq's Directory of Changed Astrapomancy
 46221 | Elf:3    | Got Sif Muna's Thoughts on the Frostbitten Sun
 46552 | Vaults:1 | Gained mutation: When seriously injured, your blood forms
                  | very thick armour. (AC +0) [demonic ancestry]
 46552 | Vaults:1 | Reached XP level 20. HP: 123/158 MP: 18/27
 46768 | Vaults:1 | Reached skill level 20 in Axes
 47109 | Vaults:1 | Noticed Saint Roka
 47117 | Vaults:1 | Killed Saint Roka
 47227 | Vaults:1 | Found Kufiotzu's Weapon Shop.
 47240 | Vaults:1 | Reached skill level 15 in Dodging
 47931 | Vaults:2 | Found Rozoll's Assorted Antiques.
 48148 | Vaults:2 | Noticed Mara
 48156 | Vaults:2 | Noticed ryw's illusion
 48157 | Vaults:2 | Killed Mara
 48158 | Vaults:2 | Reached skill level 21 in Axes
 48293 | Vaults:2 | Noticed Jory
 48304 | Vaults:2 | Killed Jory
 48510 | Vaults:2 | Found Lixiemor's Armour Shoppe.
 48584 | Vaults:2 | Found Muniull's Jewellery Boutique.
 48945 | Vaults:2 | Found Vinlina's Antique Armour Emporium.
 49075 | Vaults:3 | Reached XP level 21. HP: 143/164 MP: 28/28
 49186 | Vaults:3 | Identified the +10 war axe of Kismet {spect, Fragile rF+++
                  | Str-4 Stlth+}
 49484 | Vaults:3 | Noticed Margery
 49497 | Vaults:3 | Killed Margery
 49797 | Vaults:3 | Found a staircase to the Crypt.
 49797 | Vaults:3 | Found a basalt altar of Yredelemnul.
 49797 | Vaults:3 | Found an ancient bone altar of Kikubaaqudgha.
 49898 | Vaults:3 | Reached skill level 22 in Axes
 51268 | Vaults:4 | Identified the +7 chain mail of Olapsoyt {rPois rF+ rC-
                  | Str+2}
 51594 | Vaults:4 | Noticed Boris
 51602 | Vaults:4 | Killed Boris
 51614 | Vaults:5 | Entered Level 5 of the Vaults
 51616 | Vaults:5 | Noticed Frederick
 51624 | Vaults:5 | Noticed an ancient lich
 51626 | Vaults:5 | Reached skill level 23 in Axes
 51631 | Vaults:5 | Killed Frederick
 51741 | Vaults:4 | Killed an ancient lich
 51951 | Vaults:5 | Reached XP level 22. HP: 171/171 MP: 29/29
 51971 | Vaults:5 | Noticed a golden dragon
 51978 | Vaults:5 | Killed a golden dragon
 52197 | Vaults:5 | Got a silver rune of Zot
 52295 | Vaults:5 | Found Dacliz's Jewellery Shoppe.
 52344 | Vaults:5 | Found Tesell's Weapon Shoppe.
 52601 | Vaults:5 | Noticed a golden dragon
 52607 | Vaults:5 | Killed a golden dragon
 52678 | Vaults:5 | Found Heusun's Distillery.
 52720 | Vaults:5 | Found Yluub's Magic Scroll Shoppe.
 52721 | Vaults:5 | Found Cuup's Antique Armour Shoppe.
 52851 | Vaults:5 | Identified the amulet "Wugyfecw" {Faith rN+ Slay+3}
 52908 | Vaults:5 | Noticed a golden dragon
 52918 | Vaults:5 | Killed a golden dragon
 52930 | Vaults:5 | Found Redetece's Distillery.
 52937 | Vaults:5 | Bought a potion of heal wounds for 70 gold pieces
 52937 | Vaults:5 | Bought 2 potions of haste for 280 gold pieces
 52937 | Vaults:5 | Bought 2 potions of heal wounds for 140 gold pieces
 53247 | Crypt:1  | Entered Level 1 of the Crypt
 54000 | Crypt:2  | Found the ring of the Octopus King
 54012 | Crypt:2  | Identified a ring of the Octopus King {rCorr HP+2 AC+2 EV+2
                  | SH+2}
 54126 | Crypt:2  | Reached skill level 24 in Axes
 54135 | Crypt:2  | Acquired a manual of Stealth
 54708 | Crypt:2  | Identified the +3 quarterstaff "Gyck" {holy, rN+}
 55270 | Crypt:3  | Entered Level 3 of the Crypt
 55408 | Crypt:3  | Identified the +5 executioner's axe of Ruination {venom,
                  | Dex+3}
 55437 | Crypt:3  | Reached skill level 5 in Stealth
 55442 | Crypt:3  | Gained mutation: You are powered by pain. [demonic
                  | ancestry]
 55442 | Crypt:3  | Reached XP level 23. HP: 146/178 MP: 30/30
 55571 | Crypt:3  | Found an ancient bone altar of Kikubaaqudgha.
 55618 | Crypt:3  | Found a basalt altar of Yredelemnul.
 55656 | Crypt:3  | Identified the +8 quarterstaff "Grim" {vamp, +Blink}
 55669 | Crypt:3  | Noticed Sojobo
 55677 | Crypt:3  | Killed Sojobo
 55884 | Crypt:3  | Noticed an ancient lich
 55888 | Crypt:3  | Killed an ancient lich
 56040 | Crypt:3  | Found a staircase to the Tomb.
 56318 | Crypt:3  | Identified the amulet of Hapnuv {Faith Regen+ rCorr Int-3
                  | Dex+4}
 56328 | Crypt:3  | Identified a ring "Aziohunt" {rN+ MP-9 Int+4}
 56328 | Crypt:3  | Identified a ring "Gumum" {rN+ Str+4}
 56328 | Crypt:3  | Identified a ring "Tuzot" {rPois rN+ Stlth+}
 56651 | Depths:1 | Entered Level 1 of the Depths
 56694 | Depths:1 | Found a gateway to Hell.
 57257 | Depths:1 | Reached skill level 10 in Stealth
 57369 | Depths:1 | Found a one-way gate leading to the halls of Pandemonium.
 57856 | Depths:2 | Noticed Boris
 57864 | Depths:2 | Killed Boris
 58091 | Depths:2 | Learned a level 6 spell: Summon Cactus Giant
 58150 | Depths:2 | Found a magical portal.
 58195 | Depths:2 | Noticed Nikola
 58203 | Depths:2 | Identified the +2 broad axe of Capital Punishment {pain,
                  | Str-4 Int+4 SInv}
 58204 | Depths:2 | Noticed a caustic shrike
 58212 | Depths:2 | Reached skill level 1 in Summonings
 58216 | Depths:2 | Reached XP level 24. HP: 136/187 MP: 7/30
 58638 | Depths:2 | Killed Nikola
 59480 | Vaults:2 | Bought a scarf of repulsion for 132 gold pieces
 59749 | Depths:3 | Noticed a juggernaut
 59757 | Depths:3 | Killed a juggernaut
 59767 | Depths:3 | Reached skill level 25 in Axes
 60228 | Depths:4 | Entered Level 4 of the Depths
 60329 | Depths:4 | Found a gate to the Realm of Zot.
 60567 | Depths:4 | Found a one-way gateway to a ziggurat.
 60593 | Depths:4 | Learned a level 4 spell: Passage of Golubria
 60596 | Depths:4 | Learned a level 2 spell: Blink
 60937 | Depths:4 | Reached skill level 5 in Summonings
 61219 | Zot:1    | Entered Level 1 of the Realm of Zot
 61304 | Zot:1    | Noticed a shard shrike
 61308 | Zot:1    | Killed a shard shrike
 61448 | Zot:1    | Gained mutation: Your magical and physical power is
                  | enhanced at high health. [demonic ancestry]
 61448 | Zot:1    | Reached XP level 25. HP: 195/195 MP: 34/34
 61766 | Zot:1    | Found a transporter.
 62112 | Zot:1    | Found a transporter.
 63035 | Zot:2    | Identified the +1 cloak of Zymeecw {rCorr Int+3 Dex-2}
 63867 | Zot:3    | You fall into a shaft and drop 1 floor!
 63997 | Zot:3    | Found a transporter.
 64362 | Zot:3    | Found a transporter.
 65018 | Zot:4    | Noticed Grunn
 65030 | Zot:4    | Killed Grunn
 65937 | Zot:5    | Entered Level 5 of the Realm of Zot
 66297 | Zot:5    | Identified the +5 halberd "Memot" {flame, Str+3}
 66505 | Zot:5    | Reached skill level 26 in Axes
 67021 | Zot:5    | Noticed an ancient lich
 67030 | Zot:5    | Killed an ancient lich
 67031 | Zot:5    | Gained mutation: Your magical and physical power is greatly
                  | enhanced at high health. [demonic ancestry]
 67031 | Zot:5    | Reached XP level 26. HP: 205/205 MP: 4/35
 67168 | Zot:5    | Noticed an ancient lich
 67183 | Zot:5    | Killed an ancient lich
 67206 | Zot:5    | Noticed an orb of fire
 67217 | Zot:5    | Killed an orb of fire
 67246 | Zot:5    | Noticed an orb of fire
 67251 | Zot:5    | Gained mutation: You are weak. (Str -2) [an orb of fire]
 67257 | Zot:5    | Killed an orb of fire
 67742 | Zot:5    | Noticed an orb of fire
 67746 | Zot:5    | Noticed an ancient lich
 67772 | Zot:5    | Killed an ancient lich
 67830 | Zot:5    | Killed an orb of fire
 68172 | Zot:5    | Upgraded the game from 0.30-a0-852-g08b95dd62f to
                  | 0.30-a0-857-gcaf70739d4
 68846 | Zot:5    | Got the Orb of Zot
 68997 | Zot:1    | Identified the +13 tower shield "Tewocul" {rCorr Slay+3}
 69491 | D:1      | Noticed Udeguari the pandemonium lord
 69546 | D:1      | Gained mutation: You are very weak. (Str -4) [a cacodemon]
 69562 | D:1      | Gained mutation: Your body sometimes deteriorates upon
                  | taking damage. [a cacodemon]
 69610 | D:1      | Killed Udeguari the pandemonium lord
 69698 | D:$      | Escaped with the Orb!

Illustrated notes

Levels and vault maps discovered:
D:1:      minmay_arrival_hallway, layout_rooms, serial_aquarium,
          aquarium_bridge_square [aquarium_subvault_bridge,
          aquarium_subvault_window, aquarium_subvault_balcony,
          aquarium_subvault_balcony], aquarium_bridge_square
          [aquarium_subvault_window, aquarium_subvault_bridge,
          aquarium_subvault_bridge, aquarium_subvault_window],
          aquarium_window_corridor_2, aquarium_window_2, aquarium_window_fake,
          aquarium_view_2b
D:2:      layout_basic, hellmonk_ecumenical_altar_crossroads, uniq_sigmund,
          uniq_crazy_yiuf_cottage
D:3:      layout_loops_ring, serial_rivers, chequers_serial_rivers_large_a,
          chequers_serial_rivers_micro_e, chequers_serial_rivers_small_3,
          chequers_serial_rivers_micro_c, chequers_serial_rivers_small_3,
          grunt_ministairs_9
D:4:      layout_basic, mainiacjoe_overflow_alcove_2,
          lemuel_coloured_pillars_altar, minmay_temple_entry_ruins,
          serial_shops, nicolae_shop_window_shopping, portal_sewer_entry_a
D:5:      layout_basic, serial_shops, kennysheep_mini,
          nicolae_shop_advertising_works [nicolae_subvault_shop_adworks],
          kennysheep_mini_moat, nicolae_shop_stone,
          nicolae_concentric_dashed_squares_mild, grunt_ministairs_1
D:6:      layout_cave_pods, grunt_temple_overflow_open
D:7:      layout_rooms, minmay_misc_feat_diagonals
D:8:      layout_loops_corners, nzn_wu_jian_contemplation,
          mainiacjoe_overflow_six_doors_small, jmf_multi_god_temple,
          lair_entry_dummy, minmay_between, uniq_maurice, uniq_pikel
D:9:      layout_stronghold, tso_oasis_becter, serial_shops, shop,
          nicolae_shop_statue_plus, minmay_holes
D:10:     layout_roguey, nicolae_vehumet_altar_sigil, mainiacjoe_overflow_paths,
          trog_wizard, nicolae_uskayaw_dance_studio, grunt_qazlal_sundering,
          uniq_harold, uniq_erolcha
D:11:     kennysheep_town, serial_shops, uniq_psyche, uniq_lodul
D:12:     layout_rooms, hiddenorc2_lemuel, serial_shops, nicolae_shop_stone,
          uniq_kirke
D:13:     layout_rooms, kennysheep_generic_room_6
D:14:     layout_irregular_city, david_vaults_3, serial_ice, serial_ice_c,
          serial_ice_k, serial_ice_a, serial_ice_o,
          nicolae_concentric_dashed_squares_wild, beargit_elvish_explorers,
          uniq_nessos
D:15:     hangedman_depths_entry_try_elsewhere_first, layout_cave_pods,
          serial_ice, serial_ice_b, serial_ice_h, serial_ice_f, serial_ice_l,
          serial_ice_e, serial_ice_n, serial_ice_d, serial_ice_m, fedhas_altar_4
Temple:   nicolae_temple_superstar
Lair:1:   layout_long_grid, gammafunk_ghost_split, grunt_forest_small_clearings,
          uniq_erica, uniq_sonja
Lair:2:   layout_cave_shapes, dummy_snake_entry, ebering_ghost_reflecting_pool,
          portal_ice_cave_entry_ice_simulacra, hellmonk_guarded_unrand_zhor,
          lemuel_fruit_tree
Lair:3:   layout_gridlike, minmay_swamp_entry_wisps, grunt_megastairs_2
Lair:4:   layout_hall_layers
Lair:5:   hellmonk_lair_end_abyssal_woods, layout_regular_city, slime_entry_1,
          grunt_megastairs_1
Swamp:1:  layout_basic_swamp, nicolae_swamp_feature_on_the_river_bank,
          swamp_pool4
Swamp:2:  layout_basic_swamp, gammafunk_ghost_berserking_beasts,
          lemuel_altar_in_water, swamp_pool4, st_swamp_mini
Swamp:3:  layout_falls_marsh, hangedman_swamp_pad
Swamp:4:  swamp_icy, layout_basic_swamp, swamp_pool4, lightli_tree_ring
Snake:1:  layout_layer_cave
Snake:2:  layout_misc_corridors, hangedman_corner_corridor, grunt_megastairs_4,
          uniq_vashnia
Snake:3:  layout_grid_maze
Snake:4:  snake_pit, layout_gridlike, st_stairs_4, nicolae_snake_gridmaze_zigzag
Orc:1:    layout_diamond_mine, uniq_josephine
Orc:2:    grunt_orc_gardens, layout_caves, grunt_orc_garden, grunt_orc_garden,
          grunt_orc_garden, grunt_orc_garden, basic_altar, uniq_snorg
Elf:1:    eino_elf_arrival_the_gate, layout_rooms, serial_shops,
          bzr_entry_dummy, minmay_elf_annihilation, uniq_asterion
Elf:2:    elven_hall_of_blades_hangedman_alternative [mumra_blade_entry_dagger],
          layout_loops_cross
Elf:3:    elf_hall, layout_geoelf_castle
Vaults:1: nicolae_vaults_angled_halls, ontoclasm_vaults_shout,
          hangedman_vaults_capsules, v_misc_3, nicolae_vaults_shelves_hall,
          vaults_mumra_hex, layout_vaults_omnigrid, serial_shops, shop,
          uniq_saint_roka, uniq_donald
Vaults:2: v_misc_23, nicolae_vaults_alarming, hangedman_vaults_restitches,
          vaults_room_fours, nicolae_vaults_little_squares_3,
          ontoclasm_vaults_ring_small, nicolae_vaults_theta,
          nicolae_vaults_sealed_display, ontoclasm_vaults_decontamination,
          vaults_dpeg_diagonal, layout_vaults_big_room, serial_shops,
          nicolae_shop_waterfront, shop, nicolae_lakefront_shop, shop,
          uniq_mara, uniq_jory
Vaults:3: nicolae_vaults_twisting_passages, minmay_crypt_entry_necro_gods,
          hangedman_vaults_stretched_pinwheel, nicolae_vaults_statue_guard,
          v_pattern_1, v_misc_27, nicolae_vaults_puzzle_piece, vaults_room_grid,
          hangedman_vaults_river_flow, ontoclasm_vaults_eye, vaults_dpeg_spiral,
          vaults_mumra_lcd, layout_vaults_ring, uniq_margery
Vaults:4: vaults_dpeg_encased_lava, nicolae_vaults_what_the_h,
          hangedman_vaults_snaps, hangedman_vaults_trim,
          hangedman_vaults_impose, ontoclasm_vaults_spin,
          hangedman_vaults_restitches, hangedman_vaults_corner,
          ontoclasm_vaults_pinch, vaults_room_guarded_vault, vaults_dpeg_ring,
          ontoclasm_vaults_shuriken, layout_vaults_omnicross, uniq_boris
Vaults:5: serial_shops, uniq_frederick
Crypt:1:  layout_gridlike
Crypt:2:  layout_misc_corridors, serial_co_window_serial,
          co_window_of_opportunity_a, co_window_cross_1, co_window_cross_1,
          co_window_corner_a, co_window_paths_a, co_window_cross_1,
          co_window_of_opportunity_a, co_window_corner_b, co_window_paths_c,
          co_window_broadway_b, co_window_sun, co_window_4corner_b,
          glass_columns_a, glass_columns_a, glass_columns_b, glass_columns_a,
          item_on_display_a
Crypt:3:  lightli_unholy_cathedral, layout_chaotic_city,
          nicolae_tomb_entry_unfolded_pyramid_diagonal,
          serial_sigils_hangedman_scar, nrook_guardian_serpent_ordinary,
          uniq_sojobo
Depths:1: layout_gridlike, pan_entry, grunt_decor_one_mirror, hellmouth_2,
          nrook_kobold_shadow_demons
Depths:2: minmay_the_grid_square_5x5_5x5_mashed
          [minmay_the_grid_square_5x5_eight_small,
          minmay_the_grid_square_5x5_broken_cross,
          minmay_the_grid_square_5x5_mess, minmay_the_grid_square_5x5_shrine1,
          minmay_the_grid_square_5x5_forky,
          minmay_the_grid_square_5x5_fancy_junction,
          minmay_the_grid_square_5x5_prize_waves,
          minmay_the_grid_square_5x5_dogpile,
          minmay_the_grid_square_5x5_prize_itemx,
          minmay_the_grid_square_5x5_tetrominoes,
          minmay_the_grid_square_5x5_six_small, minmay_the_grid_square_5x5_c,
          minmay_the_grid_square_5x5_prize_rear_guard,
          minmay_the_grid_square_5x5_minimal, minmay_the_grid_square_5x5_inset,
          minmay_the_grid_square_5x5_pentomino_r,
          minmay_the_grid_square_5x5_prize_gold,
          minmay_the_grid_square_5x5_inverted_slash,
          minmay_the_grid_square_5x5_prize_pseudospiral,
          minmay_the_grid_square_5x5_longway, minmay_the_grid_square_5x5_eight,
          minmay_the_grid_square_5x5_bite, minmay_the_grid_square_5x5_gyroscope,
          minmay_the_grid_square_5x5_two, minmay_the_grid_square_5x5_shuriken],
          layout_cross, rand_demon_pan_entry_7,
          lightli_enter_wizlab_magi_temple, hangedman_coc_ice_floe,
          nicolae_water_bricks, serial_bayou_shore_b,
          infiniplex_staircase_spiral, uniq_josephina, uniq_nikola
Depths:3: kennysheep_big_flooded_room, layout_cave_shapes, abyss_entry,
          hell_entry, rand_demon_pan_entry_3
Depths:4: grunt_zot_entry_pinwheel, layout_basic, enter_ziggurat_e,
          serial_rivers, chequers_serial_rivers_micro_c,
          chequers_serial_rivers_small_a, chequers_serial_rivers_micro_d,
          chequers_serial_rivers_micro_b, hell_entry
Zot:1:    gammafunk_dig_for_victory, layout_basic,
          hangedman_elemental_grid_stream
Zot:2:    lemuel_firehouse, layout_concentric_octagons
Zot:3:    gammafunk_sealed_arena, layout_basic, grunt_megastairs_5
Zot:4:    layout_cathedral_of_symmetry, uniq_grunn
Zot:5:    layout_twisted_circle

Skill      XL: |  1  2  3  4  5  6  7  8  9 10 11 12 13 14 15 16 17 18 19 20 21 22 23 24 25 26 |
---------------+-------------------------------------------------------------------------------+-----
Dodging        | 3 4 5 6 7 8 9 10 11 12 13 14 15 17 19 20 21 22 | 22.4
Fighting       | 4 5 6 7 8 9 10 11 13 15 16 17 18 20 21 22 23 | 23.8
Staves         | 1 2 |  2.0
Armour         | 1 3 4 5 6 7 |  7.0
Polearms       | 1 2 |  2.4
Shields        | 3 4 |  4.6
Axes           | 2 5 7 10 13 14 15 16 17 18 19 21 23 24 25 26 | 26.5
Evocations     | 1 3 5 |  5.0
Invocations    | 5 |  5.0
Spellcasting   | 4 5 7 8 9 |  9.8
Transmutations | 3 5 |  5.0
Translocations | 3 7 9 10 | 10.0
Stealth        | 5 11 12 | 12.4
Summonings     | 1 5 7 9 |  9.0
Unarmed Combat | |  2.6

Action                     |  1- 3 |  4- 6 |  7- 9 | 10-12 | 13-15 | 16-18 | 19-21 | 22-24 | 25-27 || total
---------------------------+-------+-------+-------+-------+-------+-------+-------+-------+-------++-------
  Melee: Unarmed           |   181 |   164 |     4 |       |       |       |       |       |       ||   349
         Punch             |     5 |     3 |       |       |       |       |       |       |       ||     8
         Kick              |       |    55 |    33 |    15 |   166 |   273 |   227 |   461 |   181 ||  1411
         Quarterstaff      |       |       |    51 |       |       |       |       |       |       ||    51
         Spear             |       |       |    73 |       |       |       |       |       |       ||    73
         Battleaxe         |       |       |    33 |   319 |   612 |   848 |    49 |       |       ||  1861
         Executioner's axe |       |       |       |       |       |       |   728 |   967 |   635 ||  2330
  Throw: Boomerang         |       |       |       |       |   153 |       |       |       |       ||   153
   Cast: Wereblood         |       |       |       |       |     2 |       |       |       |       ||     2
         Manifold Assault  |       |       |       |       |       |   104 |   145 |    54 |   180 ||   483
 Invoke: Ancestor Life: He |       |     1 |       |       |       |       |       |       |       ||     1
         Recall Ancestor   |       |       |       |     3 |     3 |     2 |     3 |     2 |     2 ||    15
Ability: Evoke Blink       |       |       |       |       |       |     1 |       |     2 |       ||     3
  Evoke: Wand              |       |       |       |       |     1 |       |       |       |       ||     1
    Use: Potion            |     4 |     1 |       |     2 |     2 |     8 |     2 |       |     1 ||    20
         Scroll            |       |       |    10 |     5 |    13 |     6 |     9 |     1 |     2 ||    46
   Stab: Sleeping          |     4 |     3 |       |     2 |     3 |    19 |     6 |    13 |     5 ||    55
         Confused          |       |     2 |     1 |     8 |    15 |    12 |    33 |    67 |    12 ||   150
         Distracted        |       |       |     3 |     5 |    16 |    11 |    11 |    38 |    21 ||   105
         Paralysed         |       |       |       |       |    47 |    61 |    42 |    55 |    17 ||   222
 Armour: Robe              |    29 |     7 |       |       |       |       |       |       |       ||    36
         Scale mail        |       |       |    50 |   139 |       |       |       |       |       ||   189
         Animal skin       |       |       |       |    11 |   156 |   105 |    71 |    74 |    47 ||   464
  Dodge: Dodged            |   123 |    78 |    79 |   243 |   412 |   441 |   403 |   657 |   394 ||  2830
         Repelled          |       |       |       |       |       |       |       |     6 |    13 ||    19
  Block: Buckler           |       |       |     4 |       |       |       |       |       |       ||     4
         Other             |       |       |       |    21 |    92 |   110 |    27 |    21 |    11 ||   282
         Reflection        |       |       |       |       |     3 |    24 |       |       |       ||    27

Table legend: (Time is in decaauts)
 A = Elapsed time spent in this place.
 B = Non-inter-level travel time spent in this place.
 C = Inter-level travel time spent in this place.
 D = Time resting spent in this place.
 E = Time spent auto-exploring this place.
 F = Levels seen in this place.
 G = Mean time per level.
                   A        B        C        D        E       F      G
               +--------+--------+--------+--------+--------+-----+--------+
         Total |  69733 |  63855 |   5878 |  10371 |  40622 |  53 | 1315.7 |
       Dungeon |  17569 |  15043 |   2526 |    638 |  11448 |  15 | 1171.3 |
        Temple |    124 |    116 |      8 |      0 |     80 |   1 |  124.0 |
          Lair |   5721 |   4692 |   1029 |    334 |   3486 |   5 | 1144.2 |
         Swamp |   6479 |   6208 |    271 |   1866 |   3126 |   4 | 1619.8 |
     Snake Pit |   7743 |   7443 |    300 |   1916 |   4446 |   4 | 1935.8 |
  Orcish Mines |   1501 |   1234 |    267 |      0 |    859 |   2 |  750.5 |
   Elven Halls |   6400 |   6068 |    332 |   2215 |   2673 |   3 | 2133.3 |
        Vaults |   6868 |   6496 |    372 |    337 |   4878 |   5 | 1373.6 |
         Crypt |   3172 |   2999 |    173 |     27 |   2346 |   3 | 1057.3 |
        Depths |   4435 |   4132 |    303 |    310 |   2852 |   4 | 1108.8 |
           Zot |   7718 |   7424 |    294 |   1682 |   4180 |   5 | 1543.6 |
         Abyss |    435 |    435 |      0 |     91 |      0 |   1 |  435.0 |
      Ice Cave |   1562 |   1562 |      0 |    951 |    247 |   1 | 1562.0 |
               +--------+--------+--------+--------+--------+-----+--------+

Top non-repeatable levels by time:
   Zot:5: 2900 daAuts
 Snake:4: 2659 daAuts
   Elf:2: 2203 daAuts
   Elf:1: 2181 daAuts
 Snake:3: 2113 daAuts
    D:11: 2084 daAuts
 Swamp:1: 2083 daAuts
  Lair:5: 2043 daAuts
   Elf:3: 2015 daAuts
     D:4: 1892 daAuts
 Swamp:4: 1816 daAuts
 Snake:1: 1636 daAuts
Vaults:4: 1606 daAuts
   IceCv: 1562 daAuts
 Swamp:3: 1552 daAuts
